 Dungeon Crawl Stone Soup version 0.31-a0-232-gb1c03b2570 (webtiles) character file.

Game seed: 18040710609109282147

602 qw the Shooter (level 7, -16/43 HPs)
             Began as a Gargoyle Hexslinger on July 7, 2023.
             Demolished by a two-headed ogre
             ... wielding a +0 giant club
              (18 damage)
             ... on level 5 of the Dungeon.
             The game lasted 00:01:47 (4060 turns).

qw the Shooter (Gargoyle Hexslinger)                Turns: 4060, Time: 00:01:47

Health: -16/43     AC: 10    Str: 12    XL:     7   Next: 41%
Magic:  8/8        EV: 11    Int: 13    God:
Gold:   219        SH:  0    Dex: 20    Spells: 7/8 levels left

rFire   . . .        Y - +2 sling
rCold   + . .        (no shield)
rNeg    + . .        d - +0 ring mail
rPois   inf          (no helmet)
rElec   +            (no cloak)
rCorr   .            (no gloves)
SInv    .            (no boots)
Will    .....        i - amulet of the acrobat
Stlth   +            g - ring of protection from cold
HPRegen 0.27/turn    b - +6 ring of dexterity
MPRegen 0.11/turn

%: acrobat
@: no status effects
A: sickness immunity, AC +4, negative energy resistance 1, electricity
resistance, torment resistance 1, petrification resistance
a: no special abilities


You were on level 5 of the Dungeon.
You visited 1 branch of the dungeon, and saw 5 of its levels.

You collected 219 gold pieces.


Innate Abilities, Weirdness & Mutations

You are immune to sickness and miasma.
Your stone body is resilient. (AC +4)
You are immune to poison.
You resist negative energy. (rN+)
You are resistant to electric shocks. (rElec)
You are resistant to unholy torment.
You are immune to petrification.


   Skills:
 - Level 4.0 Fighting
 - Level 7.0 Ranged Weapons
 - Level 1.0 Armour
 + Level 1.5 Dodging
 - Level 1.0 Spellcasting
 - Level 2.6 Hexes


You had 7 spell levels left.
You knew the following spells:

 Your Spells              Type           Power      Damage    Failure   Level
a - Slow                  Hex            28%        N/A       22%         1

Your spell library contained the following spells:

 Spells                   Type           Power      Damage    Failure   Level
 Inner Flame              Hex/Fire       4%         N/A       73%         3
 Portal Projectile        Hex/Tloc       8%         N/A       73%         3
 Cause Fear               Hex            3%         N/A       91%         4

Inventory:

Hand Weapons
 Y - a +2 sling (weapon)
Armour
 d - a +0 ring mail (worn)
Jewellery
 b - a +6 ring of dexterity (right hand)
 g - a ring of protection from cold (left hand)
 i - an amulet of the acrobat (around neck)
 l - a +6 ring of strength
 m - a ring of protection from fire
Scrolls
 a - 2 scrolls of identify
Potions
 c - 2 potions of curing
 e - 2 potions of haste
 n - a potion of resistance

Dungeon Overview and Level Annotations

Branches:
Dungeon (5/15)
 Temple: D:4-7

Altars:
Hepliaklqana
Uskayaw


Message History

Done exploring.
4051 ||| READING scroll labelled NURENW KAULEM.
As you read the scroll labelled NURENW KAULEM, it crumbles to dust.
It is a scroll of amnesia.
Really abort (and waste the scroll)?
Done exploring.
4052 ||| READING 4 scrolls of identify.
As you read the scroll of identify, it crumbles to dust.
k - a potion of degeneration;
4052 ||| IDENTIFYING coppery potion Done exploring.
4053 ||| READING 3 scrolls of identify.
As you read the scroll of identify, it crumbles to dust.
n - a potion of resistance
4053 ||| IDENTIFYING fizzy orange potion Done exploring.
4054 ||| DROPPING potion of degeneration.
You drop a potion of degeneration.
Done exploring.
(D) Dungeon
Where to? (* - list waypoints, Enter - D:5, ? - help)
What level of the Dungeon? (default 1, ? - help)
You climb downwards.
There is a stone staircase leading up here.
A two-headed ogre is nearby!
You shoot a sling bullet.
The sling bullet hits the two-headed ogre.
The two-headed ogre is lightly wounded.
You shoot a sling bullet.
The sling bullet hits the two-headed ogre.
The two-headed ogre is lightly wounded.
The two-headed ogre closely misses you.
The two-headed ogre hits you with a +0 giant club.
You shoot a sling bullet.
The sling bullet hits the two-headed ogre.
The two-headed ogre is lightly wounded.
The two-headed ogre hits you with a +0 giant club! x2
4060 ||| STAIRDANCE The two-headed ogre hits you with a +0 giant club!
The two-headed ogre hits you with a +0 giant club!!
You die...

.# #.##.#
.#######.##.#
.........##.####
#########
.#######.......#
#.%~~~~~~ .###
#.##.##.###.#### ..)#
#.##.##.#......###
##.#
#................###
#.#
#.##.##.##.#####.#.##
#.#
#.##....O@........#.#
#.#
#.......##.#####...#
#.# #.########.#
###.# #.# #.# #.# #.#
#.# #.#### #.# #.#
#....# #.# #.# #.##.#
#.# #.# #.##.# #.#
#.# #.##.#


You could see a two-headed ogre.

Vanquished Creatures
  An ogre (D:4)
  A phantom (D:5)
  A scorpion (D:5)
  A howler monkey (D:5)
  A hound (D:3)
  A jelly (D:4)
  An iguana (D:5)
  Jessica (D:2)
  6 gnolls
  7 adders
  An ufetubus (D:5)
  3 worms
  3 dart slugs
  9 orcs
  9 ball pythons
  5 bats
  5 endoplasms
  3 giant cockroaches (D:2)
  8 hobgoblins
  6 jackals
  14 kobolds
  3 quokkas
  4 frilled lizards
  5 goblins
  5 rats
104 creatures vanquished.

Notes
Turn   | Place    | Note
-------+----------+-------------------------------------------
     0 | D:1      | qw the Gargoyle Hexslinger began the quest for the Orb.
     0 | D:1      | Reached XP level 1. HP: 12/12 MP: 2/2
     0 | D:1      | 0 ||| qw: Version: 0.3-a-46-gb1f654a
     0 | D:1      | 0 ||| qw: Game counter: 2744
     0 | D:1      | 0 ||| qw: Melee chars always use a shield: true
     0 | D:1      | 0 ||| qw: God list: Okawaru
     0 | D:1      | 0 ||| qw: Allow faded altars: false
     0 | D:1      | 0 ||| qw: Do Orc after clearing Dungeon:15 true
     0 | D:1      | 0 ||| qw: Do second Lair branch before Depths: true
     0 | D:1      | 0 ||| qw: Lair rune preference: random
     0 | D:1      | 0 ||| qw: Goals: Normal
     0 | D:1      | 0 ||| PLANNING D:1-11
    60 | D:1      | Reached XP level 2. HP: 16/16 MP: 3/3
   327 | D:1      | Reached skill level 3 in Ranged Weapons
   520 | D:1      | Found a faded altar of an unknown god.
   614 | D:1      | Reached XP level 3. HP: 21/21 MP: 4/4
   941 | D:1      | 941 ||| UPGRADING to ring of protection from cold.
   942 | D:1      | 942 ||| DROPPING ring of flight.
   943 | D:1      | 943 ||| READING scroll labelled UFITOBU GUUDU.
   944 | D:1      | 944 ||| READING scroll labelled AHAMPUILAU.
   948 | D:1      | 948 ||| READING scroll labelled WOKLAM WYRIH.
   949 | D:1      | 949 ||| READING scroll labelled HYENUG JUYSAQASH.
   950 | D:1      | 950 ||| READING scroll labelled NIALIB UPHA.
   951 | D:1      | 951 ||| DRINKING 2 brown potions.
   952 | D:1      | 952 ||| DROPPING scroll of poison.
  1044 | D:2      | Reached XP level 4. HP: 26/26 MP: 5/5
  1117 | D:2      | Noticed Jessica
  1124 | D:2      | Killed Jessica
  1125 | D:2      | Reached skill level 4 in Ranged Weapons
  1528 | D:2      | 1528 ||| READING scroll labelled OQU HUKO CUOP.
  1529 | D:2      | 1529 ||| READING scroll labelled LOWUNI OTHRAHA.
  1530 | D:2      | 1530 ||| READING 5 scrolls of identify.
  1530 | D:2      | 1530 ||| IDENTIFYING cyan potion
  1531 | D:2      | 1531 ||| READING 4 scrolls of identify.
  1531 | D:2      | 1531 ||| IDENTIFYING fuming amethyst potion
  1532 | D:2      | 1532 ||| DROPPING potion of attraction.
  1533 | D:2      | 1533 ||| DROPPING potion of lignification.
  1571 | D:3      | Reached skill level 5 in Ranged Weapons
  1571 | D:3      | Reached XP level 5. HP: 23/30 MP: 6/6
  2022 | D:3      | 2022 ||| UPGRADING to +0 ring mail.
  2040 | D:3      | 2040 ||| DROPPING +0 robe.
  2319 | D:3      | Reached skill level 1 in Armour
  2329 | D:3      | Found a hazy altar of Hepliaklqana.
  2339 | D:3      | Reached skill level 3 in Fighting
  2539 | D:3      | Found a hide-covered altar of Uskayaw.
  2540 | D:3      | 2540 ||| UPGRADING to +6 ring of dexterity.
  2541 | D:3      | 2541 ||| READING scroll labelled DAITUW BEIMMAU.
  2542 | D:3      | 2542 ||| DRINKING 3 lumpy cyan potions.
  2543 | D:3      | 2543 ||| READING 6 scrolls of identify.
  2543 | D:3      | 2543 ||| IDENTIFYING dark potion
  2642 | D:4      | Reached XP level 6. HP: 37/37 MP: 7/7
  2768 | D:4      | Reached skill level 6 in Ranged Weapons
  3232 | D:4      | 3232 ||| READING scroll labelled GARGHA ELIUDY.
  3233 | D:4      | 3233 ||| READING 6 scrolls of identify.
  3233 | D:4      | 3233 ||| IDENTIFYING sedimented puce potion
  3234 | D:4      | 3234 ||| READING 5 scrolls of identify.
  3234 | D:4      | 3234 ||| IDENTIFYING smoky inky potion
  3235 | D:4      | 3235 ||| DROPPING potion of brilliance.
  3236 | D:4      | 3236 ||| DROPPING potion of berserk rage.
  3257 | D:5      | Entered Level 5 of the Dungeon
  3258 | D:5      | 3258 ||| PLANNING SEWER
  3315 | D:5      | Reached XP level 7. HP: 43/43 MP: 8/8
  3844 | D:5      | 3844 ||| RIP SEWER
  3845 | D:5      | 3845 ||| PLANNING D:1-11
  3852 | D:5      | Reached skill level 7 in Ranged Weapons
  3918 | D:5      | Noticed a two-headed ogre
  3922 | D:5      | HP: 9/43 [two-headed ogre/+0 giant club (23)]
  3923 | D:5      | 3923 ||| READING scroll of teleportation.
  3924 | D:5      | 3924 ||| DRINKING potion of heal wounds.
  3941 | D:5      | 3941 ||| FLEEEEING.
  3942 | D:5      | 3942 ||| FLEEEEING.
  3943 | D:5      | 3943 ||| FLEEEEING.
  3944 | D:5      | 3944 ||| FLEEEEING.
  3945 | D:5      | 3945 ||| FLEEEEING.
  3946 | D:5      | 3946 ||| FLEEEEING.
  3947 | D:5      | 3947 ||| FLEEEEING.
  3948 | D:5      | 3948 ||| FLEEEEING.
  3949 | D:5      | 3949 ||| FLEEEEING.
  3953 | D:5      | 3953 ||| FLEEEEING.
  3954 | D:5      | 3954 ||| FLEEEEING.
  3959 | D:5      | 3959 ||| FLEEEEING.
  3967 | D:5      | 3967 ||| STAIRDANCE
  4046 | D:4      | 4046 ||| UPGRADING to amulet of the acrobat.
  4051 | D:4      | 4051 ||| READING scroll labelled NURENW KAULEM.
  4052 | D:4      | 4052 ||| READING 4 scrolls of identify.
  4052 | D:4      | 4052 ||| IDENTIFYING coppery potion
  4053 | D:4      | 4053 ||| READING 3 scrolls of identify.
  4053 | D:4      | 4053 ||| IDENTIFYING fizzy orange potion
  4054 | D:4      | 4054 ||| DROPPING potion of degeneration.
  4060 | D:5      | 4060 ||| STAIRDANCE
  4060 | D:5      | HP: 2/43 [two-headed ogre/+0 giant club (12)]
  4060 | D:5      | Demolished by a two-headed ogre

Levels and vault maps discovered:
D:1:      eino_arrival_tree_alley, layout_loops_ring,
          dreamdust_ecumenical_altar_hidden_monk_grotto,
          grunt_decor_mini_mirrors, roderic_filled_cross
D:2:      layout_rooms, uniq_jessica
D:3:      layout_loops_ring, mainiacjoe_overflow_swirl, guppyfry_early_lair_pool
D:4:      layout_loops_ring
D:5:      layout_loops_ring, portal_sewer_entry_d

Skill      XL: |  1  2  3  4  5  6  7 |
---------------+----------------------+-----
Ranged Weapons | 3 5 6 7 |  7.0
Fighting       | 2 3 4 |  4.0
Armour         | 1 |  1.0
Dodging        | |  1.5
Spellcasting   | |  1.0
Hexes          | |  2.6

Action                     |  1- 3 |  4- 6 |  7- 9 || total
---------------------------+-------+-------+-------++-------
   Fire: Sling             |   104 |   262 |    62 ||   428
    Use: Scroll            |     5 |     9 |     4 ||    18
         Potion            |     1 |     1 |     1 ||     3
 Armour: Robe              |    12 |    47 |       ||    59
         Ring mail         |       |    24 |    15 ||    39
  Dodge: Dodged            |    28 |   101 |    32 ||   161

Table legend:
 A = Non-vault XP
 B = Vault XP
 C = Vault XP percentage of total XP
 D = Non-vault monster count
 E = Vault monster count
 F = Vault count percentage of total count
                 A         B        C        D         E       F
            +---------+---------+-------+---------+---------+-------
      Total |     811 |      50 |   5.8 |     102 |       2 |   1.9
            +---------+---------+-------+---------+---------+-------
        D:1 |      43 |       0 |   0.0 |      26 |       0 |   0.0
        D:2 |      78 |      37 |  32.2 |      23 |       1 |   4.2
        D:3 |     132 |       0 |   0.0 |      22 |       0 |   0.0
        D:4 |     204 |       0 |   0.0 |      18 |       0 |   0.0
        D:5 |     354 |      13 |   3.5 |      13 |       1 |   7.1
            +---------+---------+-------+---------+---------+-------
